 Dungeon Crawl Stone Soup version 0.31-a0-1611-g890cdf5628 (webtiles) character file.

Game seed: 3634074210088264373

4 Laraso the Firebug (level 1, 0/14 HPs)
             Began as a Draconian Fire Elementalist on Jan 9, 2024.
             Slain by a quokka (4 damage)
             ... on level 1 of the Dungeon.
             The game lasted 00:00:27 (54 turns).

Laraso the Firebug (Draconian Fire Elementalist)      Turns: 54, Time: 00:00:28

Health: 0/14       AC:  4    Str: 10    XL:     1   Next: 50%
Magic:  1/3        EV: 12    Int: 15    God:
Gold:   0          SH:  0    Dex: 11    Spells: 3/4 levels left

rFire   . . .        (no weapon)
rCold   . . .        (no shield)
rNeg    . . .        (body armour unavailable)
rPois   .            (helmet restricted)
rElec   .            (no cloak)
rCorr   .            (no gloves)
SInv    .            (no boots)
Will    .....        (no amulet)
Stlth   ++           (no ring)
HPRegen 0.22/turn    (no ring)
MPRegen 0.08/turn

%: no passive effects
@: no status effects
A: AC +4, unfitting armour, cold-blooded
a: no special abilities


You were on level 1 of the Dungeon.
You visited 1 branch of the dungeon, and saw 1 of its levels.

Inventory:

Potions
 a - a potion of magic


   Skills:
 - Level 1.7 Dodging
 - Level 1.7 Stealth
 * Level 2.3 Spellcasting
 - Level 1.0 Conjurations
 - Level 3.0 Fire Magic


You had 3 spell levels left.
You knew the following spells:

 Your Spells              Type           Power      Damage    Failure   Level
a - Foxfire               Conj/Fire      28%        2x1d5     10%         1

Your spell library contained the following spells:

 Spells                   Type           Power      Damage    Failure   Level
 Scorch                   Fire           20%        2d5       10%         2
 Inner Flame              Hex/Fire       6%         N/A       34%         3
 Volatile Blastmotes      Fire/Tloc      12%        2d11      34%         3
 Flame Wave               Conj/Fire      7%         2d5       67%         4


Dungeon Overview and Level Annotations

Branches:
Dungeon (1/15)

Altars:


Innate Abilities, Weirdness & Mutations

Your plain brown scales are hard. (AC +4)
You cannot fit into any form of body armour.
You are cold-blooded and may be slowed by cold attacks.


Message History

The goblin shouts!
The ball python bites you but does no damage.
The ball python grabs you. The ball python constricts you.
The ball python's grasp on you weakens, but your attempt to escape fails.
The ball python bites you. The ball python constricts you.
You escape the ball python's grasp.
The bat closely misses you. The goblin hits you with a +0 dagger.
* * * LOW HITPOINT WARNING * * *
The bat barely misses you. The goblin attacks as it pursues you!
The goblin misses you. The bat hits you but does no damage.
The goblin attacks as it pursues you! The goblin closely misses you.
The bat hits you but does no damage.
The ball python attacks as it pursues you!
The ball python bites you but does no damage.
The ball python grabs you. The ball python constricts you.
The bat hits you but does no damage.
Your magical contamination has completely faded away.
You escape the ball python's grasp.
A giant cockroach comes into view.
The bat attacks as it pursues you! The bat closely misses you. x2
The bat hits you but does no damage. The bat attacks as it pursues you!
The bat misses you. The bat hits you but does no damage.
The goblin attacks as it pursues you! The goblin hits you with a +0 dagger.
* * * LOW HITPOINT WARNING * * *
You are too injured to fight recklessly!
A rat and a quokka come into view.
A rat comes into view.
Found a fuming green potion.
The rat squeaks loudly.
The bat hits you but does no damage.
Found a scroll labelled BAEN GOXTA.
The bat attacks as it pursues you! The bat hits you but does no damage.
The bat barely misses you.
A quokka comes into view.
The quokka barely misses you.
Found 5 datura-tipped darts.
The quokka attacks as it pursues you! The quokka bites you.
You die...

.........##
...........# .
....r.......# ..
.........!..##...
...................
.r.................
....r...r........(
#...?..Sg.@.###.. #..#
#.#.##...hr.......
#..###....#.bB.........
#......##...........###
##..................##
...........r......#.#
..........K.......#.#
..........g..........
.....................#


You could see 2 quokkas, a jackal, a giant cockroach, 2 goblins, a bat, a ball
python, a kobold and 3 rats.

Vanquished Creatures
  3 jackals (D:1)
3 creatures vanquished.

Vanquished Creatures (others)
  6 foxfires (D:1)
6 creatures vanquished.

Grand Total: 9 creatures vanquished

Notes
Turn   | Place    | Note
-------+----------+-------------------------------------------
     0 | D:1      | Laraso the Draconian Fire Elementalist began the quest for
                  | the Orb.
     0 | D:1      | Reached XP level 1. HP: 14/14 MP: 3/3
    54 | D:1      | Slain by a quokka

Illustrated notes

Levels and vault maps discovered:
D:1:      ncdulo_wetmaze, layout_rooms, minmay_pentomino_q4

Action                     || total
---------------------------++-------
  Melee: Unarmed           ||     6
         Tailslap          ||     2
   Cast: Foxfire           ||     4
 Armour: Skin              ||    25
  Dodge: Dodged            ||    32

Table legend: (Time is in decaauts)
 A = Elapsed time spent in this place.
 B = Non-inter-level travel time spent in this place.
 C = Inter-level travel time spent in this place.
 D = Time resting spent in this place.
 E = Time spent auto-exploring this place.
 F = Levels seen in this place.
 G = Mean time per level.
                   A        B        C        D        E       F      G
               +--------+--------+--------+--------+--------+-----+--------+
         Total |     57 |     57 |      0 |      0 |     11 |   1 |   57.0 |
       Dungeon |     57 |     57 |      0 |      0 |     11 |   1 |   57.0 |
               +--------+--------+--------+--------+--------+-----+--------+

Top non-repeatable levels by time:
     D:1: 57 daAuts
